 Dungeon Crawl Stone Soup version 0.31-a0-257-gf185e81 (webtiles) character file.

Game seed: 12740004860908738846

18337 Dawnplanks the Grappler (level 12, -6/166 HPs)
             Began as a Troll Shapeshifter on July 13, 2023.
             Was a Priest of Elyvilon.
             Mangled by a reaper
             ... wielding a +1 scythe of freezing
              (11 damage)
             ... in a Gauntlet.
             The game lasted 00:29:41 (10143 turns).

Dawnplanks the Grappler (Troll Shapeshifter)       Turns: 10143, Time: 00:29:41

Health: -6/166     AC: 26    Str: 33    XL:     12   Next: 26%
Magic:  2/11       EV:  1    Int:  8    God:    Elyvilon [***...]
Gold:   1094       SH:  5    Dex: 10    Spells: 11/11 levels left

rFire   + .          .
                       - Unarmed
rCold   . . .        (no shield)
rNeg    + . .        L - melded +0 troll leather armour
rPois   +            (helmet currently unavailable)
rElec   .            (cloak currently unavailable)
rCorr   +            (gloves unavailable)
SInv    .            (boots unavailable)
Will    +....        N - amulet "Qaibloet" {Reflect rN+ Str+3 SH+5}
Stlth   +            S - ring "Seerch" {rF+ Will+ rCorr Int+4}
HPRegen 1.27/turn    a - ring of poison resistance
MPRegen 0.12/turn

%: no teleportation, reflection
@: tree-form
A: stationary, stasis, torment immunity, boosted hp, large, unfitting armour,
(claws 3), regeneration 1, (shaggy fur 1), (tough skin 1)
a: Renounce Religion, Purification, Heal Other, Heal Self


You were in a Gauntlet.
You worshipped Elyvilon.
Elyvilon was most pleased with you.
You were a tree.
You visited 3 branches of the dungeon, and saw 13 of its levels.
You also visited: Ossuary and Gauntlet.

You collected 1094 gold pieces.

Inventory:

Hand Weapons
 J - the +9 short sword of Eternity {freeze, rPois MP+9}
   (You took it off an orc priest on level 6 of the Dungeon)

   rPois:     It protects you from poison.
   MP:        It affects your magic capacity (+9).
Missiles
 w - 91 stones
 A - 3 throwing nets
 D - 10 large rocks (quivered)
 G - 2 boomerangs
Armour
 g - +0 acid dragon scales
 r - a +0 cloak
 t - a +1 robe of willpower
 K - +0 steam dragon scales
 L - a +0 troll leather armour (melded)
 Q - a +1 robe of cold resistance
Jewellery
 a - a ring of poison resistance (right branch)
 C - a ring of protection from fire
 M - an amulet of regeneration
 N - an amulet "Qaibloet" (around neck) {Reflect rN+ Str+3 SH+5}
   (You took it off a centaur on level 11 of the Dungeon)

   [amulet of reflection]

   It reflects blocked missile attacks.
   Str:       It affects your strength (+3).
   rN:        It protects you from negative energy.
   SH:        It affects your SH (+5).
 O - a ring of ice
 S - the ring "Seerch" (left branch) {rF+ Will+ rCorr Int+4}
   (You found it in a Gauntlet)

   [ring of willpower]

   Int:       It affects your intelligence (+4).
   rF:        It protects you from fire.
   rCorr:     It protects you from acid and corrosion.
   Will:      It increases your willpower.
Talismans
 c - a beast talisman
Wands
 k - a wand of paralysis (7)
 o - a wand of digging (5)
 y - a wand of iceblast (24)
Scrolls
 d - 5 scrolls of vulnerability
 e - 2 scrolls of poison {unknown}
 h - 4 scrolls of teleportation
 i - a scroll of fog {unknown}
 j - 3 scrolls of noise
 l - 3 scrolls of fear
 p - 5 scrolls of revelation
 s - 2 scrolls of immolation {unknown}
 x - a scroll of acquirement {unknown}
 z - a scroll of amnesia {unknown}
 B - a scroll of butterflies {unknown}
 E - 2 scrolls of blinking {unknown}
 H - a scroll of enchant armour {unknown}
 R - a scroll of enchant weapon {unknown}
Potions
 b - 3 potions of lignification
 f - 3 potions of enlightenment
 m - 4 potions of curing {unknown}
 n - 4 potions of attraction
 q - a potion of cancellation
 u - a potion of haste
 F - 2 potions of brilliance
 I - a potion of ambrosia {unknown}
 P - a potion of berserk rage {unknown}
 T - a potion of magic {unknown}
Miscellaneous
 v - a condenser vane (inert)


   Skills:
 + Level 5.2 Fighting
 + Level 3.6 Throwing
 + Level 7.1 Dodging
 + Level 1.1 Shields
 + Level 13.5 Unarmed Combat
 + Level 1.1 Invocations
 * Level 9.5 Shapeshifting


You had 11 spell levels left.
You didn't know any spells.
Your spell library contained the following spells:

 Spells                   Type           Power      Damage    Failure   Level
 Magic Dart               Conj           0%         1d3       41%         1
 Blink                    Tloc           0%         N/A       54%         2
 Call Imp                 Summ           0%         N/A       54%         2
 Lesser Beckoning         Tloc           0%         N/A       54%         2
 Momentum Strike          Conj/Tloc      0%         3d8       54%         2
 Mephitic Cloud           Conj/Pois/Air  0%         N/A       78%         3
 Ozocubu's Armour         Ice            0%         N/A       78%         3
 Ozocubu's Refrigeration  Ice            0%         4d7       100%        7


Dungeon Overview and Level Annotations

Branches:
Dungeon (11/15)            Temple (1/1) D:7            Lair (1/5) D:8
    Orc (0/2) D:11        Ossuary (visited)         Gauntlet (1/1)

Altars:
Ashenzari
Cheibriados
Dithmenos
Elyvilon
Fedhas
Gozag
Hepliaklqana
Kikubaaqudgha
Makhleb
Nemelex Xobeh
Okawaru
Qazlal
Ru
Sif Muna
Trog
Uskayaw
Vehumet
Wu Jian
Xom
Yredelemnul
Zin
The Shining One

Annotations:
D:10 Psyche Gauntlet 9 transporters


Innate Abilities, Weirdness & Mutations

You are a tree.
Your roots penetrate the ground, keeping you stationary.
You cannot be teleported.
You are immune to unholy pain and torment.
Your maximum health is greatly increased.
Your equipment is partially melded.
You are too large for most types of armour.
((You have claws for hands.))
Your natural rate of healing is unusually fast.
((You are covered in fur. (AC +1)))
((You have tough skin. (AC +1)))


Message History

The reaper hits you with a +1 scythe of freezing.
* * * LOW HITPOINT WARNING * * *
The reaper freezes you.
* * * LOW HITPOINT WARNING * * *
You are healed.
The reaper hits you with a +1 scythe of freezing!
The reaper freezes you.
You are healed.
The reaper hits you with a +1 scythe of freezing!
The reaper freezes you.
Okay, then.
You closely miss the reaper.
The reaper is heavily wounded.
The reaper hits you with a +1 scythe of freezing!!
* * * LOW HITPOINT WARNING * * *
The reaper freezes you.
* * * LOW HITPOINT WARNING * * *
You hit the reaper.
The reaper is heavily wounded.
The reaper hits you with a +1 scythe of freezing!
* * * LOW HITPOINT WARNING * * *
The reaper freezes you.
* * * LOW HITPOINT WARNING * * *
You closely miss the reaper.
The reaper is heavily wounded.
You block the reaper's attack.
You hit the reaper.
The reaper is heavily wounded.
You barely miss the reaper.
The reaper is heavily wounded.
The reaper hits you with a +1 scythe of freezing.
* * * LOW HITPOINT WARNING * * *
The reaper freezes you.
* * * LOW HITPOINT WARNING * * *
You hit the reaper.
The reaper is heavily wounded.
The reaper hits you with a +1 scythe of freezing!!
* * * LOW HITPOINT WARNING * * *
The reaper freezes you!
You die...

##...#########...#...[©?[..
#≈.....#.©.#.....##########
##.8...#.8.#...8....#.©.#..
##......#.©.#........#...#..
#≈...###########.....#.©.#..
##...#..≈≈...≈.#...#########
#≈...#.≈..≈5.≈.#...#.......#
##...#.≈.≈≈2≈≈©#...#..####.#
#§...#≈.≈..♣≈..#...#2#....2#
##§8.#≈..≈.≈.≈≈#.8.#.#.©####
#§...#.≈.≈≈≈.≈.#...#.#.#.!.#
##...#.≈≈...≈..#...#.#.#$"##
#≈...#.≈...≈.≈.#...#...#h#©#
##...#=.≈:©).≈.#...#########
#≈...###########............
##...............8.....8....
#§.8......8.................


You could see a reaper and a shadow imp.

Vanquished Creatures
  A dire elephant (Gauntlet)
  Erolcha (D:9)
  Fannar (D:11)
  3 two-headed ogres
  2 cyclopes (D:11)
  An elephant (Gauntlet)
  The ghost of Dega the Nimble, a novice SpHu (D:6)
  Maurice (D:9)
  A cane toad (Lair:1)
  An unseen horror (D:10)
  3 kobold demonologists (D:11)
  A rime drake (D:8)
  A polar bear (Lair:1)
  4 trolls
  A shadow (D:10)
  17 yaks
  2 steam dragons
  3 acid dragons
  A water moccasin (D:9)
  3 ice beasts (D:8)
  9 orc warriors
  2 sky beasts
  6 ogres
  2 black bears
  12 centaurs
  5 wolves (D:8)
  4 kobold brigands
  Blork the orc (D:4)
  4 gnoll sergeants
  5 bullfrogs
  5 scorpions
  7 wights
  6 killer bees (D:9)
  3 howler monkeys
  A centaur zombie (Ossuary)
  14 orc priests
  6 hounds
  Jessica (D:3)
  4 iguanas
  20 orc wizards
  6 mummies (Ossuary)
  Robin (D:4)
  12 gnolls
  5 adders
  2 ufetubi
  3 worms
  3 dart slugs
  44 orcs
  3 ball pythons
  4 endoplasms
  2 giant cockroaches (D:2)
  16 goblins
  23 hobgoblins
  3 quokkas
  5 bats
  A frilled lizard (D:3)
  5 hobgoblin zombies (Ossuary)
  25 kobolds
  4 rats
333 creatures vanquished.

Notes
Turn   | Place    | Note
-------+----------+-------------------------------------------
     0 | D:1      | Dawnplanks the Troll Shapeshifter began the quest for the
                  | Orb.
     0 | D:1      | Reached XP level 1. HP: 19/19 MP: 0/0
   103 | D:1      | Reached XP level 2. HP: 28/28 MP: 1/1
   609 | D:2      | Reached XP level 3. HP: 33/35 MP: 2/2
  1200 | D:3      | Noticed a scorpion
  1328 | D:3      | Reached XP level 4. HP: 34/42 MP: 3/3
  1434 | D:3      | Killed a scorpion
  1435 | D:3      | Reached skill level 3 in Unarmed Combat
  1435 | D:3      | Reached XP level 5. HP: 49/49 MP: 4/4
  1537 | D:3      | Noticed Jessica
  1541 | D:3      | Killed Jessica
  1741 | D:3      | Reached skill level 4 in Unarmed Combat
  2144 | D:4      | Noticed Blork the orc
  2152 | D:4      | Killed Blork the orc
  2153 | D:4      | Reached XP level 6. HP: 9/57 MP: 5/5
  2306 | D:4      | Reached skill level 1 in Throwing
  2323 | D:4      | Noticed Robin
  2339 | D:4      | Killed Robin
  2351 | D:4      | Reached skill level 5 in Unarmed Combat
  2405 | D:4      | Found a shadowy altar of Dithmenos.
  2409 | D:4      | Found a hazy altar of Hepliaklqana.
  2410 | D:4      | Found an opulent altar of Gozag.
  2411 | D:4      | Found a radiant altar of Vehumet.
  2413 | D:4      | Found a shimmering blue altar of Sif Muna.
  2674 | D:4      | Reached XP level 7. HP: 11/65 MP: 6/6
  2985 | D:4      | Reached skill level 5 in Shapeshifting
  3017 | D:5      | Entered Level 5 of the Dungeon
  3052 | D:5      | Reached skill level 6 in Unarmed Combat
  3252 | D:5      | Reached XP level 8. HP: 74/74 MP: 7/7
  3575 | D:6      | Found an ancient bone altar of Kikubaaqudgha.
  3636 | D:6      | Found a runed translucent door.
  3637 | D:6      | Noticed Dega's ghost (novice SpHu)
  3662 | D:6      | Reached skill level 7 in Unarmed Combat
  3771 | D:6      | Found a sand-covered staircase.
  3792 | Ossuary  | Entered an ossuary
  3803 | Ossuary  | Reached skill level 8 in Unarmed Combat
  3997 | D:6      | Reached XP level 9. HP: 80/80 MP: 8/8
  4127 | D:6      | Found a glowing silver altar of Zin.
  4344 | D:6      | Identified the +9 short sword of Eternity {freeze, rPois
                  | MP+9}
  4529 | D:6      | Reached skill level 9 in Unarmed Combat
  5035 | D:6      | Killed Dega's ghost
  5260 | D:7      | Found a staircase to the Ecumenical Temple.
  5264 | D:7      | Reached skill level 10 in Unarmed Combat
  5287 | Temple   | Entered the Ecumenical Temple
  5476 | Temple   | Became a worshipper of Elyvilon the Healer
  5591 | D:7      | Reached skill level 5 in Dodging
  5982 | D:8      | Reached XP level 10. HP: 73/91 MP: 9/9
  6081 | D:8      | Found a staircase to the Lair.
  6374 | D:8      | Reached * piety under Elyvilon
  6891 | D:8      | Identified the +4 pair of boots of Purpose {Str+4}
  7005 | D:9      | Noticed a two-headed ogre
  7009 | D:9      | Killed a two-headed ogre
  7010 | D:9      | Reached skill level 11 in Unarmed Combat
  7099 | D:9      | Noticed Erolcha
  7118 | D:9      | Killed Erolcha
  7119 | D:9      | Reached XP level 11. HP: 65/101 MP: 10/10
  7313 | D:9      | Noticed Maurice
  7343 | D:9      | Killed Maurice
  7600 | D:9      | Reached ** piety under Elyvilon
  7741 | D:10     | Entered Level 10 of the Dungeon
  7871 | D:10     | Noticed Psyche
  8182 | D:10     | Reached skill level 12 in Unarmed Combat
  8443 | D:10     | Noticed a two-headed ogre
  8447 | D:10     | Killed a two-headed ogre
  8496 | D:10     | Reached skill level 5 in Fighting
  8553 | D:10     | Reached *** piety under Elyvilon
  8627 | D:11     | Found a staircase to the Orcish Mines.
  8748 | D:11     | Identified an amulet "Qaibloet" {Reflect rN+ Str+3 SH+5}
  8901 | D:11     | Reached skill level 13 in Unarmed Combat
  8994 | D:11     | Noticed Fannar
  8996 | D:11     | Killed Fannar
  9005 | D:11     | Reached skill level 1 in Invocations
  9077 | D:11     | Noticed a two-headed ogre
  9082 | D:11     | Killed a two-headed ogre
  9083 | D:11     | Reached XP level 12. HP: 111/111 MP: 11/11
  9708 | Lair:1   | Entered Level 1 of the Lair of Beasts
  9708 | Lair:1   | Reached **** piety under Elyvilon
  9720 | Lair:1   | Found a gate leading to a gauntlet.
  9734 | Gauntlet | Entered a Gauntlet
  9734 | Gauntlet | Found a transporter.
  9737 | Gauntlet | Found a transporter.
  9753 | Gauntlet | Found a transporter.
  9757 | Gauntlet | Found a transporter.
  9762 | Gauntlet | Noticed an eight-headed hydra
  9778 | Gauntlet | Found a transporter.
  9785 | Gauntlet | Found a transporter.
  9797 | Gauntlet | Noticed a balrug
  9801 | Gauntlet | Found a transporter.
  9812 | Gauntlet | Noticed a reaper
  9818 | Gauntlet | Found a transporter.
  9822 | Gauntlet | Found a transporter.
  9830 | Gauntlet | Found a transporter.
  9830 | Gauntlet | Noticed a dire elephant
  9843 | Gauntlet | Noticed a balrug
  9857 | Gauntlet | Found a transporter.
  9857 | Gauntlet | Found a transporter.
 10085 | Gauntlet | Killed a dire elephant
 10086 | Gauntlet | Reached skill level 1 in Shields
 10102 | Gauntlet | Identified the ring "Seerch" {rF+ Will+ rCorr Int+4}
 10130 | Gauntlet | HP: 7/166 [reaper/+1 scythe of freezing (18)]
 10130 | Gauntlet | HP: 2/166 [reaper/+1 scythe of freezing (5)]
 10133 | Gauntlet | Elyvilon protects you from harm!
 10143 | Gauntlet | HP: 5/166 [reaper/+1 scythe of freezing (24)]
 10143 | Gauntlet | Mangled by a reaper

Illustrated notes

Levels and vault maps discovered:
D:1:      dpeg_arrival_round_b, layout_rooms, minmay_shallow_snake_nest
D:2:      layout_loops_cross
D:3:      layout_loops_ring, kennysheep_pointless_box, minmay_cupped,
          uniq_jessica
D:4:      layout_loops_ring, minitemple, kennysheep_orc_chapel,
          uniq_blork_the_orc, uniq_robin
D:5:      layout_cave_pools, minivault_26
D:6:      kennysheep_housing_project, layout_cave_pools, zin_statuary,
          old_standard_altar, gammafunk_ghost_grave, chequers_ossuary_entry_cave
D:7:      layout_rooms, minmay_temple_entry_statues_pillars,
          roderic_roman_lattice, nicolae_eternal_life
D:8:      layout_basic, hellmonk_lair_entry_icy
D:9:      layout_roguey, uniq_erolcha, uniq_maurice
D:10:     layout_basic, uniq_psyche
D:11:     layout_basic, kennysheep_orc_monster_closet_entryway,
          serial_corexii_hall, chequers_hall_statues_y, chequers_hall_statues_y,
          uniq_fannar
Temple:   bh_familiar_temple
Lair:1:   layout_regular_city, gauntlet_entry_generic, lemuel_fruit_tree,
          uniq_urug
Gauntlet: minmay_gauntlet_mixed_oops_all_seconds
          [minmay_gauntlet_arena_77_double_cross,
          gammafunk_gauntlet_arena_chambers,
          minmay_gauntlet_arena_77_hold_the_fort,
          gammafunk_gauntlet_arena_spirals,
          minmay_gauntlet_arena_77_radiant_squares,
          nicolae_gauntlet_arena_flowing_pool,
          dreamdust_gauntlet_exit_labyrinth]

Skill      XL: |  1  2  3  4  5  6  7  8  9 10 11 12 |
---------------+-------------------------------------+-----
Dodging        | 2 3 5 6 7 |  7.1
Unarmed Combat | 3 4 5 6 8 10 11 13 | 13.5
Shapeshifting  | 4 5 6 7 9 |  9.5
Fighting       | 2 3 4 5 |  5.2
Throwing       | 1 2 3 |  3.6
Invocations    | 1 |  1.1
Shields        | 1 |  1.1

Action                     |  1- 3 |  4- 6 |  7- 9 | 10-12 || total
---------------------------+-------+-------+-------+-------++-------
  Melee: Unarmed           |    78 |   106 |   223 |   292 ||   699
         Punch             |     1 |     2 |     9 |    19 ||    31
         Short sword       |       |       |    44 |    31 ||    75
  Throw: Stone             |     6 |     9 |    20 |       ||    35
         Large rock        |       |       |     8 |    16 ||    24
 Invoke: Heal Self         |       |       |       |     6 ||     6
  Evoke: Wand              |       |       |     3 |     8 ||    11
         Condenser vane    |       |       |       |     1 ||     1
    Use: Scroll            |       |       |    10 |     4 ||    14
         Potion            |       |       |       |     5 ||     5
   Stab: Sleeping          |       |       |     1 |       ||     1
 Armour: Animal skin       |    26 |     5 |       |       ||    31
         Robe              |       |    16 |    88 |    29 ||   133
         Troll leather arm |       |       |       |    29 ||    29
         Skin              |       |       |       |    20 ||    20
  Dodge: Dodged            |    41 |    35 |   131 |   149 ||   356
  Block: Other             |       |       |       |    16 ||    16
         Reflection        |       |       |       |     2 ||     2

Table legend: (Time is in decaauts)
 A = Elapsed time spent in this place.
 B = Non-inter-level travel time spent in this place.
 C = Inter-level travel time spent in this place.
 D = Time resting spent in this place.
 E = Time spent auto-exploring this place.
 F = Levels seen in this place.
 G = Mean time per level.
                   A        B        C        D        E       F      G
               +--------+--------+--------+--------+--------+-----+--------+
         Total |  10041 |   9420 |    621 |    195 |   7288 |  15 |  669.4 |
       Dungeon |   9316 |   8731 |    585 |    186 |   6936 |  11 |  846.9 |
        Temple |    195 |    171 |     24 |      0 |    165 |   1 |  195.0 |
          Lair |     24 |     12 |     12 |      0 |      0 |   1 |   24.0 |
       Ossuary |    104 |    104 |      0 |      0 |     47 |   1 |  104.0 |
      Gauntlet |    401 |    401 |      0 |      9 |    140 |   1 |  401.0 |
               +--------+--------+--------+--------+--------+-----+--------+

Top non-repeatable levels by time:
     D:6: 1294 daAuts
    D:11: 1177 daAuts
     D:8: 1159 daAuts
     D:4: 885 daAuts
     D:3: 844 daAuts
     D:9: 766 daAuts
     D:2: 714 daAuts
    D:10: 709 daAuts
     D:5: 631 daAuts
     D:7: 573 daAuts
     D:1: 561 daAuts
Gauntlet: 401 daAuts
  Temple: 195 daAuts
 Ossuary: 104 daAuts
  Lair:1: 24 daAuts
